 Dungeon Crawl Stone Soup version 0.28-a0-1182-g381e24db82 (webtiles) character file.

Game seed: 1093910025156821028

5 spaghetti the Skirmisher (level 1, -1/24 HPs)
             Began as an Ogre Delver on Dec 16, 2021.
             Slain by an adder (3 damage)
             ... on level 4 of the Dungeon.
             The game lasted 00:01:25 (342 turns).

spaghetti the Skirmisher (Ogre Delver)               Turns: 342, Time: 00:01:25

Health: -1/24      AC:  3    Str: 15    XL:     1   Next: 80%
Magic:  1/1        EV:  9    Int: 11    God:
Gold:   0          SH:  0    Dex: 10    Spells: 0/0 levels left

rFire   . . .      SeeInvis .     - Unarmed
rCold   . . .      Faith    .   (no shield)
rNeg    . . .      Spirit   .   a - +0 robe
rPois   .          Reflect  .   (helmet restricted)
rElec   .          Harm     .   (no cloak)
rCorr   .          Rampage  .   (gloves unavailable)
Will    .....                   (boots unavailable)
Stlth   ++........              (no amulet)
HPRegen 0.08/turn               (no ring)
MPRegen 0.07/turn               (no ring)

@: hasted, quick
A: large, unfitting armour, tough skin 1
a: no special abilities


You were on level 4 of the Dungeon.
You visited 1 branch of the dungeon, and saw 4 of its levels.


Innate Abilities, Weirdness & Mutations

You are too large for most types of armour.
You have tough skin. (AC +1)


   Skills:
 - Level 4.0 Fighting
 - Level 1.7 Dodging
 - Level 3.7 Stealth
 + Level 2.2 Unarmed Combat


You couldn't memorise any spells.
You didn't know any spells.
Your spell library was empty.

Inventory:

Hand Weapons
 c - a +0 dagger {short}
   (You took it off a goblin on level 4 of the Dungeon)
 h - a +0 club {mace}
   (You took it off an orc on level 4 of the Dungeon)
 l - a +0 scimitar {long}
   (You found it on level 4 of the Dungeon)
 m - a +0 dagger {short}
   (You took it off a goblin on level 4 of the Dungeon)
 n - a +0 dagger {short}
   (You took it off a goblin on level 4 of the Dungeon)
Missiles
 j - 24 stones (quivered) {throwing}
 k - 17 bolts
Armour
 a - a +0 robe (worn)
Wands
 f - a wand of digging (3)
Scrolls
 b - a scroll of fog
 d - a scroll of fear
 g - a scroll of brand weapon {unknown}

Dungeon Overview and Level Annotations

Branches:
Dungeon (6/15)
 Temple: D:4-7

Altars:
Elyvilon
Nemelex Xobeh

,,* *,,,,,,,,,,,,,,,,,,,#######.#
,,* ***#####****#######**######.#
,,* ##...######.....# #.^.....
,######≈..≈≈..≈≈≈...#### #.......
,#†...≈....≈≈...≈...#≈≈###.......
*###..≈≈..≈≈..≈≈...##≈##.........
*##≈≈≈≈≈≈≈≈≈≈≈≈.≈≈≈≈≈≈####.......
#≈≈≈≈≈≈≈≈≈≈≈≈≈≈≈≈≈≈≈≈#####.......
####.........≈.S@..####..#.......
**,####.........≈#.#.#.#.########
**,* ##...#######...#.#.# ,,,*
#....########...#.########
*******#.........# #####.#.......
,,,,,,,####....#.# #......#..
,*,***,####......## ###.##.#.<
,*,,,,........<...# #.##....
,,,,**.####.......# #.####..


You could see an adder.


Message History

No target in view!
No target in view!
No target in view!
n - a +0 dagger {short} You see here a goblin corpse.
You enter the shallow water.
Moving in this stuff is going to be slow.
An adder comes into view.
The adder moves out of view.
You hit the adder but do no damage. The adder bites you.
You are poisoned.
The adder poisons you! 😕 HP[-4]
You take 4 damage, and now have 20/24 hp.
You hit the adder.
You feel sick. The adder barely misses you. 😕 HP[-1]
You take 1 damage, and now have 19/24 hp.
You barely miss the adder.
You feel sick. The adder closely misses you. 😮 HP[-1]
You take 1 damage, and now have 18/24 hp.
You closely miss the adder.
You feel sick.
The adder closely misses you. x2 😮 HP[-1]
You take 1 damage, and now have 17/24 hp.
You miss the adder.
You feel sick. The adder barely misses you. 😮 HP[-1]
You take 1 damage, and now have 16/24 hp.
Unknown command.
You closely miss the adder.
You feel sick.
You are no longer poisoned.
The adder bites you. 😮 HP[-2]
You take 2 damage, and now have 14/24 hp.
You closely miss the adder. The adder bites you but does no damage.
You closely miss the adder. The adder bites you but does no damage.
The adder bites you.
* * * LOW HITPOINT WARNING * * *
You are poisoned.
The adder poisons you! 😨 HP[-3]
You take 3 damage, and now have 11/24 hp.
Unknown command.
You feel better.
The adder bites you but does no damage. 😕 HP[+9]
You regained 9 hp, and now have 20/24 hp.
You miss the adder. The adder closely misses you.
You barely miss the adder. The adder bites you but does no damage.
You closely miss the adder. The adder bites you.
The adder barely misses you. 😮 HP[-2]
You take 2 damage, and now have 18/24 hp.
You hit the adder. The adder bites you. 😮 HP[-2]
You take 2 damage, and now have 16/24 hp.
You barely miss the adder. The adder closely misses you.
You closely miss the adder. The adder bites you but does no damage.
You hit the adder but do no damage. The adder bites you.
You are poisoned.
The adder poisons you! 😮 HP[-3]
You take 3 damage, and now have 13/24 hp.
You closely miss the adder.
You feel sick. The adder bites you.
* * * LOW HITPOINT WARNING * * *
😨 HP[-3]
You take 3 damage, and now have 10/24 hp.
Unknown command.
Okay, then.
You barely miss the adder. The adder bites you.
* * * LOW HITPOINT WARNING * * *
The adder bites you but does no damage. 😨 HP[-3]
You take 3 damage, and now have 7/24 hp.
Unknown command.
Unknown command.
Okay, then.
You are quite poisoned (7 -> 4).
Your movement speed is average.
Your attack delay is about 0.9.
Unknown command.
You feel sick.
Okay, then.
You feel yourself speed up.
You feel sick. The adder bites you.
* * * LOW HITPOINT WARNING * * *
😱 HP[-3]
You take 3 damage, and now have 4/24 hp.
Unknown command.
You are quite poisoned (4 -> 2).
Your actions are hasted.
Your movement speed is very quick.
Your attack delay is about 0.5.
You feel sick. 😱 HP[-1]
You take 1 damage, and now have 3/24 hp.
You feel sick.
You are no longer poisoned. 😱 HP[-1]
You take 1 damage, and now have 2/24 hp.
The adder barely misses you.
You enter the shallow water.
Moving in this stuff is going to be slow.
You enter the shallow water.
Moving in this stuff is going to be slow.
The adder closely misses you. The adder bites you.
You die...

Skill      XL: |  1 |
---------------+----+-----
Unarmed Combat | 2 |  2.2
Fighting       | |  4.0
Dodging        | |  1.7
Stealth        | |  3.7

Action                   || total
-------------------------++-------
Melee: Unarmed           ||    41
       Punch             ||     1
  Use: Scroll            ||     2
       Potion            ||     2
 Stab: Sleeping          ||     2
Armor: Robe              ||    16
Dodge: Dodged            ||    19

Levels and vault maps discovered:
D:3:      layout_rooms, mainiacjoe_overflow_six_doors_small,
          minmay_crystal_room, chequers_serial_rivers_marsh
D:4:      layout_loops_cross, mainiacjoe_overflow_catwalk,
          lemuel_coloured_pillars_altar, mainiacjoe_overflow_small_starburst,
          old_standard_altar, minivault_27, chequers_serial_rivers_small_3,
          nicolae_shop_firing_range
D:5:      layout_basic, nicolae_tso_swordbearing_angel,
          minmay_temple_entry_junction, minmay_misc_feat_encased, uniq_ijyb,
          uniq_prince_ribbit1
D:6:      layout_rooms, okawaru_trees_1, enter_ossuary_5,
          gammafunk_ghost_abyssal_escape, portal_sewer_entry_e, minivault_25

Notes
Turn   | Place    | Note
-------+----------+-------------------------------------------
     0 | D:5      | spaghetti the Ogre Delver began the quest for the Orb.
     0 | D:5      | Reached XP level 1. HP: 24/24 MP: 1/1
     0 | D:5      | magus.rc [v1.9.6]
    26 | D:4      | Found a white marble altar of Elyvilon.
    85 | D:4      | Reached skill level 2 in Unarmed Combat
   200 | D:4      | Found a sparkling altar of Nemelex Xobeh.
   333 | D:4      | HP: 6/24 [poisoned by an adder]
   335 | D:4      | HP: 2/24 [poisoned by an adder]
   342 | D:4      | Slain by an adder

Vanquished Creatures
  An orc (D:4)
  3 goblins (D:4)
4 creatures vanquished.

Table legend:
 A = Non-vault XP
 B = Vault XP
 C = Vault XP percentage of total XP
 D = Non-vault monster count
 E = Vault monster count
 F = Vault count percentage of total count
                 A         B        C        D         E       F
            +---------+---------+-------+---------+---------+-------
      Total |       8 |       0 |   0.0 |       4 |       0 |   0.0
            +---------+---------+-------+---------+---------+-------
        D:4 |       8 |       0 |   0.0 |       4 |       0 |   0.0
            +---------+---------+-------+---------+---------+-------

Illustrated notes

Table legend:
 A = Kills in this place as a percentage of kills in entire the game.
 B = Kills by you in this place as a percentage of kills by you in the entire game.
 C = Kills by friends in this place as a percentage of kills by friends in the entire game.
 D = Other kills in this place as a percentage of other kills in the entire game.
 E = Experience gained in this place as a percentage of experience gained in the entire game.
 F = Experience gained in this place divided by the number of levels of this place that you have seen.
                   A       B       C       D       E      F
               +-------+-------+-------+-------+-------+----------------------
         Total | 100.0 | 100.0 |   N/A |   N/A | 100.0 |   2.0
       Dungeon | 100.0 | 100.0 |   N/A |   N/A | 100.0 |   2.0
               +-------+-------+-------+-------+-------+----------------------

Table legend: (Time is in decaauts)
 A = Elapsed time spent in this place.
 B = Non-inter-level travel time spent in this place.
 C = Inter-level travel time spent in this place.
 D = Time resting spent in this place.
 E = Time spent auto-exploring this place.
 F = Levels seen in this place.
 G = Mean time per level.
                   A        B        C        D        E       F      G
               +--------+--------+--------+--------+--------+-----+--------+
         Total |    345 |    326 |     19 |      0 |    198 |   4 |   86.2 |
       Dungeon |    345 |    326 |     19 |      0 |    198 |   4 |   86.2 |
               +--------+--------+--------+--------+--------+-----+--------+

Top non-repeatable levels by time:
     D:4: 318 daAuts
     D:5: 23 daAuts
     D:6: 1 daAuts
     D:3: 1 daAuts
